 Dungeon Crawl Stone Soup version 0.22.0 (webtiles) character file.

34192 Jorund the Thaumaturge (level 13, -9/71 HPs)
             Began as an Octopode Earth Elementalist on Aug 11, 2018.
             Was a High Priest of Vehumet.
             Mangled by a blink frog (18 damage)
             ... on level 6 of the Lair of Beasts.
             The game lasted 00:56:22 (17222 turns).

Jorund the Thaumaturge (OpEE)                      Turns: 17222, Time: 00:56:23

Health: -9/71      AC:  8    Str:  9    XL:     13   Next: 75%
Magic:  40/40      EV: 14    Int: 24    God:    Vehumet [*****.]
Gold:   977        SH:  0    Dex: 18    Spells: 11/40 levels left

rFire    + . .     SeeInvis +   Q - staff of poison
rCold    . . .     Gourm    .   (no shield)
rNeg     + . .     Faith    .   M - +2 hat
rPois    +         Spirit   .   i - amulet "Cuurph" {Acrobat +Blink +Inv rF+}
rElec    .         Reflect  .   h - ring of see invisible
rCorr    .         Harm     .   o - +3 ring of protection
MR       ++...                  e - +5 ring of dexterity
Stlth    +++.......             x - ring of protection from magic
HPRegen  0.21/turn              S - ring of positive energy
MPRegen  0.27/turn              p - ring of magical power
                                (no ring)
                                (no ring)

@: no status effects
A: almost no armour, stealthy swim, amphibious, 8 rings, constrict 8, yellow
scales 1, camouflage 1, clever 1, magic resistance 1, strong 1, wild magic 1,
gelatinous body 1
a: Renounce Religion, Evoke Blink, Evoke Invisibility


You were on level 6 of the Lair of Beasts.
You worshipped Vehumet.
Vehumet was extremely pleased with you.
You were not hungry.

You visited 3 branches of the dungeon, and saw 18 of its levels.
You also visited: Sewer and Ossuary.

You collected 1121 gold pieces.
You spent 144 gold pieces at shops.

Inventory:

Hand Weapons
 v - a +1 short sword of venom
 N - a +0 blowgun
Missiles
 l - 2 curare-tipped needles
 B - 27 poisoned needles
Armour
 H - a +0 buckler
 M - a +2 hat (worn)
Magical Staves
 J - an uncursed staff of energy
 Q - an uncursed staff of poison (weapon)
Jewellery
 e - a +5 ring of dexterity (on tentacle)
 h - a ring of see invisible (left tentacle)
 i - the amulet "Cuurph" (around mantle) {Acrobat +Blink +Inv rF+}
   (You bought it in a shop on level 4 of the Dungeon)

   [amulet of the acrobat]

   It helps you evade while moving and waiting.
   It protects you from fire.
   It lets you turn invisible.
   It lets you blink.
 o - a +3 ring of protection (right tentacle)
 p - a ring of magical power (on tentacle)
 x - a ring of protection from magic (on tentacle)
 S - a ring of positive energy (on tentacle)
Wands
 f - a wand of clouds (2)
 r - a wand of digging (8)
 y - a wand of random effects (70)
 G - a wand of flame (53)
 K - a wand of iceblast (9)
 L - a wand of paralysis (20)
 P - a wand of polymorph (15)
Scrolls
 d - 11 scrolls of remove curse
 j - 3 scrolls of amnesia
 t - a scroll of holy word
 u - 4 scrolls of enchant armour
 w - 7 scrolls of teleportation
 A - a scroll of fog
 C - 3 scrolls of enchant weapon
 D - 2 scrolls of fear
 I - 2 scrolls of identify
 R - a scroll of magic mapping
Potions
 a - 2 potions of agility
 g - 2 potions of flight
 k - 14 potions of curing
 m - 8 potions of heal wounds
 n - 2 potions of invisibility
 q - 3 potions of might
 s - a potion of berserk rage
 z - 3 potions of haste
 E - 5 potions of mutation
 F - 2 potions of cancellation
Comestibles
 c - 21 rations


   Skills:
 - Level 3.0 Short Blades
 - Level 2.0 Dodging
 - Level 2.6 Stealth
 - Level 4.0 Shields
 + Level 14.4 Spellcasting
 * Level 10.5 Conjurations
 - Level 1.0 Transmutations
 - Level 12.2 Earth Magic


You had 11 spell levels left.
You knew the following spells:

 Your Spells              Type           Power        Failure   Level  Hunger
a - Sandblast             Erth           ######       1%          1    None
b - Passwall              Tmut/Erth      ######..     1%          2    None
c - Stone Arrow           Conj/Erth      ######       1%          3    None
d - Conjure Flame         Conj/Fire      ######..     1%          3    None
e - Mephitic Cloud        Conj/Pois/Air  ######..     1%          3    None
f - Lee's Rapid Deconstr  Erth           #######...   1%          5    ##.....
g - Throw Icicle          Conj/Ice       ######..     1%          4    None
h - Petrify               Tmut/Erth      ######..     4%          4    None
i - Iskenderun's Mystic   Conj           ######..     1%          4    None

Your spell library contained the following spells:

 Spells                   Type           Power        Failure   Level  Hunger
 Magic Dart               Conj           ####         1%          1    None
 Apportation              Tloc           ###...       5%          1    None
 Lightning Bolt           Conj/Air       ######....   4%          5    ##.....
 Slow                     Hex            ###.....     8%          2    None
 Confuse                  Hex            ###.....     14%         3    None
 Summon Small Mammal      Summ           ###.         5%          1    None
 Blink                    Tloc           N/A          8%          2    None
 Animate Dead             Necr           N/A          41%         4    None
 Pain                     Necr           ###.         5%          1    None
 Animate Skeleton         Necr           N/A          5%          1    None
 Vampiric Draining        Necr           ###.......   14%         3    None
 Call Imp                 Summ           ###.....     8%          2    None
 Regeneration             Chrm/Necr      ###.......   14%         3    None
 Tukima's Dance           Hex            ###.....     14%         3    None
 Shock                    Conj/Air       ####         1%          1    None
 Swiftness                Chrm/Air       ###.....     8%          2    None
 Airstrike                Air            ###.......   12%         4    None
 Confusing Touch          Hex            ###...       5%          1    None
 Ensorcelled Hibernation  Hex/Ice        ###...       8%          2    None
 Static Discharge         Conj/Air       ######..     1%          3    None
 Corona                   Hex            ###....      5%          1    None
 Shroud of Golubria       Chrm/Tloc      ###.......   8%          2    None
 Fulminant Prism          Conj/Hex       ######....   1%          4    None
 Dazzling Spray           Conj/Hex       ######       1%          3    None
 Force Lance              Conj/Tloc      ######..     1%          4    None
 Infusion                 Chrm           ###.         5%          1    None
 Song of Slaying          Chrm           ###.....     8%          2    None
 Spectral Weapon          Hex/Chrm       ###.....     14%         3    None
 Searing Ray              Conj           ######       1%          2    None


Dungeon Overview and Level Annotations

Branches:
Dungeon (11/15)            Temple (1/1) D:5            Lair (6/6) D:10
 Shoals (0/4) Lair:2        Snake (0/4) Lair:2          Orc (0/2) D:9
  Slime: Lair:5-6

Altars:
Ashenzari
Cheibriados
Dithmenos
Elyvilon
Fedhas
Gozag
Hepliaklqana
Kikubaaqudgha
Makhleb
Nemelex Xobeh
Okawaru
Qazlal
Ru
Sif Muna
Trog
Uskayaw
Vehumet
Wu Jian
Xom
Yredelemnul
Zin
The Shining One

Shops:
D:4 *

Annotations:
D:3 2 transporters
Lair:2 Harold
Lair:4 3 runed doors, Janemug's ghost, journeyman FoEE
Lair:5 Nessos
Lair:6 Rupert


Innate Abilities, Weirdness & Mutations

You cannot wear most types of armour.
You are very stealthy in the water. (Stealth+)
You are amphibious.
You can wear up to eight rings at the same time.
You can use your tentacles to constrict eight enemies at once.
Your skin changes colour to match your surroundings (Stealth+).
Your rubbery body absorbs attacks. (AC +1, EV +1)
You are partially covered in yellow scales. (AC +2)
Your mind is acute. (Int +2)
You are resistant to hostile enchantments. (MR+)
Your muscles are strong. (Str +2)
Your spells are a little harder to cast, but a little more powerful.


Message History

Unknown command.
As you read the scroll of fear, it crumbles to dust.
You assume a fearsome visage.
The blink frog easily resists.
The spiny frog looks frightened!
The six-headed hydra looks frightened!
The dream sheep looks frightened!
The dream sheep bleats in terror.
The dream sheep looks frightened!
The dream sheep bleats in terror.
The dream sheep looks frightened!
The dream sheep is struck with panic!
The dream sheep looks frightened!
A frightened dream sheep leaps away.
The dream sheep looks frightened!
The dream sheep stampedes away.
The dream sheep looks frightened!
The dream sheep is struck with panic!
The dream sheep looks frightened!
The dream sheep bleats in terror.
The blink frog hits you!!
You die...

##...$.......
#...........#
............#
...........P#
............
.......YY.#
..#..YYY..#
.....YY@F#
........F..≈P.≈
.....D...##..P≈
......#.## .≈≈
......### ≈
...... .....
.....


You could see a six-headed hydra (fleeing), a spiny frog (fleeing), a blink frog
and 7 dream sheep.

Vanquished Creatures
  2 hydras
  A catoblepas (Lair:2)
  Erica (D:10)
  A two-headed ogre (D:11)
  Urug (Lair:6)
  An unseen horror (D:10)
  An oklob plant (D:10)
  2 black mambas
  8 elephants
  20 spiny frogs
  5 komodo dragons
  A rime drake (Lair:3)
  A kobold demonologist (D:11)
  A merfolk (Lair:2)
  A hornet (D:8)
  8 blink frogs
  4 hippogriffs
  3 wyverns (Lair:5)
  Sigmund (D:2)
  A wraith (D:10)
  29 yaks
  2 basilisks
  A hungry ghost (D:10)
  5 vampire mosquitoes
  A naga (Lair:2)
  3 water moccasins
  An acid dragon (D:11)
  9 porcupines
  Duvessa (D:5)
  7 orc warriors
  4 ice beasts
  3 phantoms
  2 sky beasts
  3 black bears
  5 centaurs
  16 wolves
  2 ogres
  7 crocodiles
  2 big kobolds
  Blork the orc (D:5)
  14 bullfrogs
  Dowan (D:5)
  3 water moccasin zombies (Ossuary)
  4 scorpions
  6 killer bees (D:7)
  8 wights
  6 electric eels
  4 howler monkeys
  2 crimson imps (D:5)
  2 centaur zombies
  A quasit (D:6)
  A bullfrog zombie (D:9)
  6 hounds
  2 jellies
  5 orc priests
  6 orc wizards
  2 bullfrog skeletons
  3 centaur skeletons
  Crazy Yiuf (D:2)
  Natasha (thrice) (D:2)
  4 iguanas
  6 worker ants
  A killer bee zombie (D:7)
  4 big kobold zombies (Ossuary)
  A hound skeleton (D:6)
  2 mummies (Ossuary)
  5 river rats (Sewer)
  19 adders
  2 shadow imps
  2 white imps (D:9)
  A worker ant simulacrum (D:9)
  An ufetubus (D:9)
  An adder skeleton (D:7)
  6 adder zombies (Ossuary)
  A worm (D:3)
  2 dart slugs
  7 leopard geckos
  41 orcs
  5 giant cockroaches
  2 gnoll zombies (Ossuary)
  11 goblins
  4 hobgoblins
  5 jackals
  5 quokkas
  7 ball pythons
  8 bats
  9 frilled lizards
  6 hobgoblin zombies (Ossuary)
  2 jackal zombies
  16 kobolds
  5 kobold zombies (Ossuary)
  4 orc zombies (Ossuary)
  11 rats
  3 plants (D:10)
457 creatures vanquished.

Vanquished Creatures (others)
  A bullfrog (Lair:6)
  3 fungi
  24 plants
28 creatures vanquished.

Grand Total: 485 creatures vanquished

Notes
Turn   | Place    | Note
-------+----------+-------------------------------------------
     0 | D:1      | Jorund the Octopode Earth Elementalist began the quest for the Orb.
     0 | D:1      | Reached XP level 1. HP: 11/11 MP: 3/3
   182 | D:1      | Reached XP level 2. HP: 17/17 MP: 3/5
   531 | D:1      | Reached XP level 3. HP: 17/21 MP: 3/6
  1005 | D:2      | Learned a level 2 spell: Passwall
  1009 | D:2      | Learned a level 3 spell: Stone Arrow
  1137 | D:2      | Found a runed door.
  1208 | D:2      | Noticed Natasha
  1216 | D:2      | Killed Natasha
  1216 | D:2      | Reached skill level 3 in Spellcasting
  1216 | D:2      | Reached XP level 4. HP: 15/27 MP: 3/8
  1291 | D:2      | Noticed Natasha
  1297 | D:2      | Killed Natasha
  1522 | D:2      | Noticed Natasha
  1528 | D:2      | Killed Natasha
  1528 | D:2      | Reached XP level 5. HP: 30/31 MP: 6/10
  1679 | D:2      | Noticed Sigmund
  1688 | D:2      | Killed Sigmund
  1688 | D:2      | Reached skill level 4 in Spellcasting
  1688 | D:2      | Reached skill level 5 in Earth Magic
  1688 | D:2      | Reached XP level 6. HP: 36/36 MP: 5/12
  1829 | D:2      | Noticed Crazy Yiuf
  1831 | D:2      | Killed Crazy Yiuf
  1867 | D:2      | Gained mutation: Your body sometimes deteriorates upon taking damage. [potion of mutation]
  1867 | D:2      | Gained mutation: Your body often deteriorates upon taking damage. [potion of mutation]
  1867 | D:2      | Gained mutation: You are clumsy. (Dex -2) [potion of mutation]
  1867 | D:2      | Gained mutation: You are partially covered in yellow scales. (AC +2) [potion of mutation]
  1868 | D:2      | Lost mutation: Your body often deteriorates upon taking damage. [potion of mutation]
  1868 | D:2      | Lost mutation: Your body sometimes deteriorates upon taking damage. [potion of mutation]
  1868 | D:2      | Lost mutation: You are clumsy. (Dex -2) [potion of mutation]
  1868 | D:2      | Gained mutation: You are resistant to hostile enchantments. (MR+) [potion of mutation]
  1868 | D:2      | Gained mutation: Your muscles are strong. (Str +2) [potion of mutation]
  1868 | D:2      | Gained mutation: Your mind is acute. (Int +2) [potion of mutation]
  1868 | D:2      | Gained mutation: Your spells are a little harder to cast, but a little more powerful. [potion of mutation]
  1944 | D:3      | Found a white marble altar of Elyvilon.
  2205 | D:3      | Found a transporter.
  2216 | D:3      | Noticed a kobold demonologist
  2221 | D:3      | Found a transporter.
  2704 | D:4      | Found Obreobb's Assorted Antiques.
  2714 | D:4      | Bought a scintillating garnet amulet for 90 gold pieces
  2714 | D:4      | Bought a scroll labeled MIXUTO TAYP for 18 gold pieces
  2714 | D:4      | Bought a scroll of identify for 36 gold pieces
  2714 | D:4      | Identified the amulet "Cuurph" {Acrobat +Blink +Inv rF+} (You bought it in a shop on level 4 of the Dungeon)
  2739 | D:4      | Reached skill level 5 in Spellcasting
  2739 | D:4      | Reached XP level 7. HP: 41/41 MP: 10/14
  3331 | D:5      | Entered Level 5 of the Dungeon
  3355 | D:5      | Noticed Blork the orc
  3357 | D:5      | Killed Blork the orc
  3357 | D:5      | Reached skill level 1 in Conjurations
  3397 | D:5      | Noticed Duvessa
  3397 | D:5      | Noticed Dowan
  3500 | D:5      | Reached XP level 8. HP: 42/46 MP: 10/16
  3543 | D:5      | Reached skill level 6 in Spellcasting
  3580 | D:5      | Found a staircase to the Ecumenical Temple.
  3608 | Temple   | Entered the Ecumenical Temple
  3652 | Temple   | Became a worshipper of Vehumet
  3685 | D:5      | Killed Duvessa
  3690 | D:5      | Killed Dowan
  3757 | D:5      | Found a sacrificial altar of Ru.
  3981 | D:6      | Reached skill level 7 in Spellcasting
  4061 | D:6      | Reached XP level 9. HP: 51/51 MP: 5/19
  4220 | D:6      | Found a glowing drain.
  4225 | Sewer    | Entered a sewer
  4327 | Sewer    | Reached * piety under Vehumet
  4327 | Sewer    | Offered knowledge of Sting by Vehumet.
  4669 | D:6      | Found an iron altar of Okawaru.
  4795 | D:6      | Reached skill level 1 in Short Blades
  4960 | D:7      | Learned a level 3 spell: Conjure Flame
  4964 | D:7      | Learned a level 3 spell: Mephitic Cloud
  5103 | D:7      | Found a sand-covered staircase.
  5126 | Ossuary  | Entered an ossuary
  5146 | Ossuary  | Offered knowledge of Throw Frost by Vehumet.
  5149 | Ossuary  | Reached ** piety under Vehumet
  5414 | Ossuary  | Reached skill level 8 in Spellcasting
  5537 | Ossuary  | Offered knowledge of Static Discharge by Vehumet.
  5646 | D:7      | Learned a level 5 spell: Lee's Rapid Deconstruction
  5713 | D:7      | Found a sparkling altar of Nemelex Xobeh.
  5858 | D:7      | Reached *** piety under Vehumet
  5928 | D:7      | Reached skill level 5 in Conjurations
  6163 | D:8      | Found a glowing golden altar of the Shining One.
  6177 | D:8      | Offered knowledge of Throw Icicle by Vehumet.
  6202 | D:8      | Learned a level 4 spell: Throw Icicle
  6216 | D:8      | Reached XP level 10. HP: 41/56 MP: 15/22
  6318 | D:8      | Found an opulent altar of Gozag.
  6318 | D:8      | Found a blossoming altar of Fedhas.
  6319 | D:8      | Found a shadowy altar of Dithmenos.
  6358 | D:8      | Found a glowing silver altar of Zin.
  6889 | D:9      | Reached skill level 9 in Spellcasting
  6951 | D:9      | Reached **** piety under Vehumet
  7047 | D:9      | Offered knowledge of Lightning Bolt by Vehumet.
  7473 | D:9      | Reached skill level 10 in Earth Magic
  7554 | D:9      | Learned a level 4 spell: Petrify
  7994 | D:9      | Found a bloodstained altar of Trog.
  8085 | D:9      | Reached XP level 11. HP: 61/61 MP: 14/24
  8161 | D:9      | Found a staircase to the Orcish Mines.
  8323 | D:10     | Entered Level 10 of the Dungeon
  8356 | D:10     | Noticed an unseen horror
  8367 | D:10     | Killed an unseen horror
  8367 | D:10     | Reached skill level 10 in Spellcasting
  8387 | D:10     | Noticed an oklob plant
  8702 | D:10     | Reached ***** piety under Vehumet
  8928 | D:10     | Noticed Erica
  8945 | D:10     | Killed Erica
  9036 | D:10     | Found a staircase to the Lair.
  9071 | D:10     | Offered knowledge of Conjure Ball Lightning by Vehumet.
  9303 | D:11     | Noticed a two-headed ogre
  9315 | D:11     | Killed a two-headed ogre
  9315 | D:11     | Reached skill level 1 in Shields
  9656 | D:11     | Found a basalt altar of Yredelemnul.
 10159 | D:10     | Killed an oklob plant
 10263 | Lair:1   | Entered Level 1 of the Lair of Beasts
 10274 | Lair:1   | Learned a level 4 spell: Iskenderun's Mystic Blast
 10563 | Lair:1   | Noticed a seven-headed hydra
 10567 | Lair:1   | Killed a seven-headed hydra
 10663 | Lair:1   | Reached skill level 11 in Spellcasting
 10827 | Lair:1   | Reached XP level 12. HP: 56/66 MP: 18/27
 11111 | Lair:2   | Noticed a catoblepas
 11159 | Lair:2   | Noticed a four-headed hydra
 11175 | Lair:2   | Killed a four-headed hydra
 11363 | Lair:2   | Noticed Harold
 12030 | Lair:2   | Found a staircase to the Shoals.
 12425 | Lair:2   | Found a staircase to the Snake Pit.
 12576 | Lair:2   | Killed a catoblepas
 12725 | Lair:3   | Reached skill level 12 in Spellcasting
 13977 | Lair:4   | Noticed Janemug's ghost (journeyman FoEE)
 14039 | Lair:4   | Reached XP level 13. HP: 71/71 MP: 21/29
 14160 | Lair:4   | Found a runed gate.
 14161 | Lair:4   | Found a runed gate.
 14161 | Lair:4   | Found a runed gate.
 14372 | Lair:4   | Offered knowledge of Spellforged Servitor by Vehumet.
 14447 | Lair:4   | Reached skill level 13 in Spellcasting
 14876 | Lair:5   | Noticed Nessos
 14980 | Lair:5   | Reached skill level 10 in Conjurations
 15865 | Lair:6   | Entered Level 6 of the Lair of Beasts
 15865 | Lair:6   | Noticed Urug
 15868 | Lair:6   | Killed Urug
 16053 | Lair:6   | Reached skill level 14 in Spellcasting
 16781 | Lair:6   | Noticed Rupert
 17222 | Lair:6   | Mangled by a blink frog

Skill      XL: |  1  2  3  4  5  6  7  8  9 10 11 12 13 |
---------------+----------------------------------------+-----
Spellcasting   | 3 4 5 7 8 9 11 12 14 | 14.4
Earth Magic    | 4 5 6 7 8 10 11 12 | 12.2
Conjurations   | 1 3 5 7 8 9 10 | 10.5
Short Blades   | 3 |  3.0
Shields        | 2 4 |  4.0
Dodging        | |  2.0
Stealth        | |  2.6
Transmutations | |  1.0

Action                   |  1- 3 |  4- 6 |  7- 9 | 10-12 | 13-15 || total
-------------------------+-------+-------+-------+-------+-------++-------
Melee: Unarmed           |     5 |     3 |       |       |       ||     8
       Constrict         |     1 |     4 |    46 |    12 |     1 ||    64
       Dagger            |       |    10 |     4 |       |       ||    14
       Tentacles         |       |       |    36 |    16 |       ||    52
       Short sword       |       |       |   120 |    40 |       ||   160
       Staff             |       |       |       |       |     1 ||     1
 Cast: Sandblast         |    34 |    53 |    89 |   243 |   157 ||   576
       Stone Arrow       |       |     1 |    39 |   143 |    48 ||   231
       Conjure Flame     |       |       |     8 |     4 |     1 ||    13
       Mephitic Cloud    |       |       |       |     9 |    11 ||    20
       Lee's Rapid Decon |       |       |       |     9 |     5 ||    14
       Petrify           |       |       |       |     3 |       ||     3
Evoke: Wand              |       |       |     2 |     1 |       ||     3
  Use: Potion            |     1 |     2 |       |     1 |     1 ||     5
       Scroll            |       |     8 |    10 |    10 |     3 ||    31
 Stab: Sleeping          |       |     1 |    17 |     3 |       ||    21
       Distracted        |       |       |     1 |       |       ||     1
  Eat: Chunk             |     1 |     5 |     7 |    15 |     5 ||    33
       Ration            |       |       |     1 |     3 |     2 ||     6
Armor: Skin              |     3 |     6 |    18 |    26 |    22 ||    75
Dodge: Dodged            |    10 |    20 |    65 |    74 |    53 ||   222
